 Dungeon Crawl Stone Soup version 0.21-a0-426-g98080a9 (webtiles) character file.

91 GoodRolls the Conjurer (level 4, 0/24 HPs)
             Began as a Tengu Fire Elementalist on Nov 7, 2017.
             Killed by divine providence
             ... invoked by an orc priest
              (10 damage)
             ... on level 3 of the Dungeon.
             The game lasted 00:06:33 (2798 turns).

GoodRolls the Conjurer (Tengu Fire Elementalist)    Turns: 2798, Time: 00:06:34

Health: 0/24       AC:  2    Str:  9    XL:     4   Next: 57%
Magic:  5/9        EV: 13    Int: 15    God:
Gold:   83         SH:  0    Dex: 15    Spells: 2/8 levels left

rFire    . . .     SeeInvis .   (no weapon)
rCold    . . .     Gourm    .   (no shield)
rNeg     . . .     Faith    .   a - +0 robe
rPois    .         Spirit   .   (helmet restricted)
rElec    .         Reflect  .   (no cloak)
rCorr    .         Harm     .   (no gloves)
MR       .....                  (boots unavailable)
Stlth    ++........             (no amulet)
HPRegen  0.08/turn              (no ring)
MPRegen  0.11/turn              (no ring)

@: no status effects
A: beak, talons 3
a: no special abilities


You were on level 3 of the Dungeon.
You were not hungry.

You visited 1 branch of the dungeon, and saw 3 of its levels.

You collected 83 gold pieces.

Inventory:

Armour
 a - a +0 robe (worn)
Jewellery
 m - a +3 ring of intelligence {unknown}
Scrolls
 e - a scroll of enchant weapon {unknown}
 h - a scroll of blinking
Potions
 d - a potion of might {unknown}
 f - 4 potions of curing
 i - a potion of resistance
 j - a potion of cancellation
 p - a potion of flight {unknown}
Books
 b - a book of Flames

   Spells                             Type                      Level
   a - Flame Tongue                   Conjuration/Fire             1
   b - Throw Flame                    Conjuration/Fire             2
   c - Conjure Flame                  Conjuration/Fire             3
   d - Inner Flame                    Hexes/Fire                   3
   e - Sticky Flame                   Conjuration/Fire             4
   f - Fireball                       Conjuration/Fire             5
Comestibles
 c - a bread ration
 g - a meat ration
 n - 2 fruits
 o - 3 royal jellies


   Skills:
 - Level 2.1 Dodging
 - Level 2.0 Stealth
 + Level 2.7 Spellcasting
 - Level 5.0 Conjurations
 - Level 3.2 Fire Magic


You had 2 spell levels left.
You knew the following spells:

 Your Spells              Type           Power        Failure   Level  Hunger
a - Flame Tongue          Conj/Fire      ##...        3%          1    #......
b - Throw Flame           Conj/Fire      ##....       5%          2    ##.....
c - Conjure Flame         Conj/Fire      ##......     11%         3    ###....


Dungeon Overview and Level Annotations

Branches:
Dungeon (3/15)

Altars:


Innate Abilities, Weirdness & Mutations

You have a beak for a mouth.
You have claws for feet.


Message History

Press: ? - help, Shift-Dir - straight line, f/p - orc priest
Aim: an orc priest, wielding a whip (severely wounded)
The flame tongue hits the orc priest.
The orc priest appears unharmed.
The orc priest is severely wounded.
The orc priest miscasts a cantrip.
The orc priest begins to cast a cantrip, but forgets the words!
There is an open door here.
There's nothing to close nearby.
You close the door.
An orc opens the door.
You close the door.
An orc opens the door.
The orc priest calls down the wrath of Beogh upon you.
You barely resist.
Casting: Flame Tongue
Confirm with . or Enter, or press ? or * to list all spells.
Aiming: Conjure Flame
Press: ? - help, Dir - move target cursor, p - orc priest
Okay, then.
The orc priest invokes the aid of Beogh against you.
Beogh smites you!
You die...

#.....##'######o......#
######.##....(#o..# #......##..
#....#..........o.###.#.#######
#.##.#########.....##...#
#.##.#.# #.....######
###.#....# #..........#
....####.##### #o#'#.####.#
.............# #.#.#.#
......<.)....# #@#.#.#
.............# #.#.#.#
###..........# #.#.#.# #
#..........# #.#.#.#
###..........# #.#.#..
#.......####.# #.#...#
....#...# #.# #.# ...#.#..# #.#
#.# ..#._.#.# #.# #.#


You could see an orc priest and 2 orcs.

Vanquished Creatures
  2 adders (D:2)
  An ooze (D:2)
  3 worms (D:2)
  A dart slug (D:2)
  4 leopard geckos
  3 orcs (D:3)
  3 giant cockroaches
  4 goblins
  6 hobgoblins
  2 jackals (D:1)
  3 kobolds
  A quokka (D:2)
  2 bats
  8 frilled lizards
  9 rats
52 creatures vanquished.

Notes
Turn   | Place    | Note
-------+----------+-------------------------------------------
     0 | D:1      | GoodRolls the Tengu Fire Elementalist began the quest for the Orb.
     0 | D:1      | Reached XP level 1. HP: 10/10 MP: 4/4
   103 | D:1      | Reached skill level 2 in Conjurations
   263 | D:1      | Reached XP level 2. HP: 15/15 MP: 3/6
   281 | D:1      | Learned a level 2 spell: Throw Flame
   329 | D:1      | Reached skill level 3 in Conjurations
   860 | D:1      | Reached XP level 3. HP: 19/19 MP: 3/7
   865 | D:1      | Learned a level 3 spell: Conjure Flame
  1251 | D:1      | Reached skill level 4 in Conjurations
  2040 | D:2      | Reached skill level 5 in Conjurations
  2040 | D:2      | Reached XP level 4. HP: 16/24 MP: 3/8
  2640 | D:3      | Found a faded altar of an unknown god.
  2798 | D:3      | Killed from afar by an orc priest

Vault maps used:
D:1:      lightli_arrival_noodles
D:3:      old_standard_altar, chequers_ecumenical_altar_simple_redux, uniq_ijyb

Skill      XL: |  1  2  3 |
---------------+----------+-----
Conjurations   | 2 3 5 |  5.0
Dodging        | |  2.1
Stealth        | |  2.0
Spellcasting   | |  2.7
Fire Magic     | |  3.2

Action                   |  1- 3 |  4- 6 || total
-------------------------+-------+-------++-------
Melee: Unarmed           |    24 |    12 ||    36
       Peck              |     5 |     2 ||     7
       Kick              |     3 |     1 ||     4
 Cast: Flame Tongue      |    54 |    24 ||    78
       Throw Flame       |     7 |     4 ||    11
  Use: Scroll            |       |     8 ||     8
 Stab: Sleeping          |       |     1 ||     1
  Eat: Chunk             |     5 |     3 ||     8
Armor: Robe              |     8 |     1 ||     9
Dodge: Dodged            |    25 |    14 ||    39

Table legend:
 A = Spawn XP
 B = Non-spawn XP
 C = Spawn XP percentage of total XP
 D = Spawn monster count
 E = Non-spawn monster count
 F = Spawn count percentage of total count
 G = Total turns spent on level
                    A         B        C        D         E        F      G
               +---------+---------+-------+---------+---------+-------+---------
         Total |       0 |     130 |   0.0 |       0 |      52 |   0.0 |  2798
               +---------+---------+-------+---------+---------+-------+---------
           D:1 |       0 |      38 |   0.0 |       0 |      23 |   0.0 |  1383
           D:2 |       0 |      80 |   0.0 |       0 |      24 |   0.0 |  1246
           D:3 |       0 |      12 |   0.0 |       0 |       5 |   0.0 |   169
               +---------+---------+-------+---------+---------+-------+---------
